 Dungeon Crawl Stone Soup version 0.32-a0-933-ga8fa363 (webtiles) character file.

Game seed: 9390500721237912428

55360 qhelerd the Brawler (level 14, 0/125 (130) HPs)
             Began as a Troll Shapeshifter on Apr 14, 2024.
             Was a High Priest of Ru.
             Succumbed to a meliai's poison
             ... on level 12 of the Dungeon.
             The game lasted 00:43:20 (16419 turns).

qhelerd the Brawler (Troll Shapeshifter)           Turns: 16419, Time: 00:43:21

HP:   0/125 (130)   AC:  6    Str: 35    XL:     14   Next: 38%
MP:   13/13         EV: 10    Int:  6    God:    Ru [*****.]
Gold: 1217          SH:  0    Dex:  7    Spells: 13/13 levels left

rFire   . .          .
                       - Unarmed
rCold   . . .        (no shield)
rNeg    . . .        N - melded +0 robe of the Dice {Fly rPois rF+++ Dex-3}
rPois   .            (helmet restricted)
rElec   .            (no cloak)
rCorr   .            (gloves unavailable)
SInv    .            (boots unavailable)
Will    +....        u - amulet of the acrobat
Stlth   +            O - +6 ring of strength
HPRegen 1.20/turn    E - +4 ring of protection
MPRegen 0.13/turn

%: acrobat
@: lethally poisoned (0 -> -10), exhausted, maw-form, lightly drained
A: devouring maw, large, unfitting armour, claws 3, clumsy 1, regeneration 1,
shaggy fur 1, tough skin 1, inability to read after injury 2, inability to use
devices, no fire magic, no hexes magic, no necromancy magic
a: Begin Untransformation, Renounce Religion, Draw Out Power, Power Leap,
Apocalypse


You were on level 12 of the Dungeon.
You worshipped Ru.
Ru was extremely pleased with you.
You were a creature with a mouth for a stomach.
You visited 3 branches of the dungeon, and saw 19 of its levels.
You also visited: Ossuary.

You collected 1405 gold pieces.
You spent 188 gold pieces at shops.

Inventory:

Missiles
 q - 27 poisoned darts
 w - 5 javelins
 F - 11 atropa-tipped darts (quivered)
 U - 5 boomerangs
Armour
 j - a scarf of invisibility
 o - a +1 robe of willpower
 H - a +0 troll leather armour
 N - the +0 robe of the Dice (melded) {Fly rPois rF+++ Dex-3}
   (You bought it in a shop on level 10 of the Dungeon)

   Dex-3:     It affects your dexterity (-3).
   rF+++:     It renders you almost immune to fire.
   rPois:     It protects you from poison.
   Fly:       It grants you flight.
 T - a +2 troll leather armour {Snorg}
Jewellery
 f - a ring of positive energy
 l - a ring of poison resistance
 m - a ring of ice
 u - an amulet of the acrobat (around neck)
 E - a +4 ring of protection (right claw)
 I - an amulet of reflection
 K - a ring of resist corrosion
 L - a ring of fire
 O - a +6 ring of strength (left claw)
 P - a ring of wizardry
 R - a +6 ring of strength
 S - an amulet of faith
 W - a ring of protection from fire
Talismans
 c - a beast talisman
 d - a flux talisman
 V - a maw talisman (active)
Scrolls
 a - 3 scrolls of poison
 g - 3 scrolls of summoning
 p - 3 scrolls of amnesia
 t - 4 scrolls of revelation
 v - 7 scrolls of teleportation
 x - 6 scrolls of enchant armour
 y - a scroll of silence
 C - 3 scrolls of fog
 D - 5 scrolls of identify
 G - 4 scrolls of immolation
 J - 2 scrolls of vulnerability
Potions
 b - 3 potions of lignification
 e - 2 potions of mutation
 h - 2 potions of degeneration
 i - 5 potions of brilliance
 n - 2 potions of attraction
 r - a potion of berserk rage
 s - 2 potions of resistance
 z - 3 potions of curing
 A - 2 potions of ambrosia
 B - 2 potions of enlightenment
 M - 4 potions of haste
 Q - a potion of might


   Skills:
 + Level 6.3 Fighting
 - Level 12.0 Throwing
 + Level 8.1 Dodging
 - Level 15.3 Unarmed Combat
 + Level 13.9 Shapeshifting


You had 13 spell levels left.
You didn't know any spells.
Your spell library contained the following spells:

 Spells                   Type           Power      Damage    Failure   Level
 Apportation              Tloc           0%         N/A       45%         1
 Freeze                   Ice            0%         1d3       45%         1
 Sandblast                Erth           0%         2d4       45%         1
 Shock                    Conj/Air       0%         1d3       45%         1
 Sting                    Conj/Alch      0%         1d3       45%         1
 Summon Small Mammal      Summ           0%         N/A       45%         1
 Blink                    Tloc           0%         N/A       58%         2
 Lesser Beckoning         Tloc           0%         N/A       58%         2
 Momentum Strike          Conj/Tloc      0%         3d8       58%         2
 Frozen Ramparts          Ice            0%         1d1       83%         3
 Hailstorm                Conj/Ice       0%         3d5       83%         3
 Maxwell's Portable Pile  Tloc           0%         2d(5-13)  83%         3
 Ozocubu's Armour         Ice            0%         N/A       83%         3
 Stone Arrow              Conj/Erth      0%         3d7       83%         3
 Swiftness                Air            0%         N/A       83%         3
 Teleport Other           Tloc           0%         N/A       83%         3
 Airstrike                Air            0%         2d(0-16)  99%         4
 Brom's Barrelling Bould  Conj/Erth      0%         2d3       99%         4
 Alistair's Intoxication  Alch           0%         N/A       100%        5
 Freezing Cloud           Conj/Ice/Air   0%         6-21      100%        5
 Eringya's Noxious Bog    Alch           0%         4d6       100%        6
 Polar Vortex             Ice            0%         N/A       100%        9
 Necrotise                Necr           Unusable   1d4       N/A         1
 Slow                     Hex            Unusable   N/A       N/A         1
 Confusing Touch          Hex            Unusable   N/A       N/A         3
 Vampiric Draining        Necr           Unusable   2d6       N/A         3
 Borgnjor's Vile Clutch   Necr/Erth      Unusable   N/A       N/A         5

Dungeon Overview and Level Annotations

Branches:
Dungeon (13/15)            Temple (1/1) D:4            Lair (5/5) D:11
 Shoals (0/4) Lair:3        Snake (0/4) Lair:3        Slime (0/5) Lair:5
    Orc (0/2) D:11        Ossuary (visited)
 Vaults: D:13-14

Altars:
Ashenzari
Cheibriados
Dithmenos
Elyvilon
Fedhas
Gozag
Hepliaklqana
Kikubaaqudgha
Makhleb
Nemelex Xobeh
Okawaru
Qazlal
Ru
Sif Muna
Trog
Uskayaw
Vehumet
Wu Jian
Xom
Yredelemnul
Zin
The Shining One
Jiyva

Shops:
D:10 [

Annotations:
D:6 2 transporters, bochi's ghost, novice OnGl
Lair:1 3 runed translucent doors, Ateopor's ghost, journeyman GnCK


Innate Abilities, Weirdness & Mutations

You are a creature with a mouth for a stomach.
Your midsection houses a second, enormous mouth.
You are too large for most types of armour.
You have claws for hands.
You are clumsy. (Dex -2)
Your natural rate of healing is unusually fast.
You are covered in fur. (AC +1)
You have tough skin. (AC +1)
You sometimes lose the ability to read scrolls when taking damage.
You cannot study or use magical devices.
You cannot study or cast Fire magic.
You cannot study or cast Hexes magic.
You cannot study or cast Necromancy magic.


Message History

You feel much better.
You feel very sick.
The meliai begins to pray, but is stunned by your conviction!
The centaur warrior is stunned by your conviction and fails to attack.
The meliai hits you with a +0 hand axe! The meliai closely misses you.
You feel sick.
The meliai begins to pray, but is stunned by your conviction!
The meliai mumbles some strange prayers to its god against you.
Something smites you!
* * * LOW HITPOINT WARNING * * *
You feel sick.
The meliai begins to pray, but is stunned by your conviction!
Things that are here:
a +3 scimitar of flaming; an amulet of reflection You feel sick.
You redirect the meliai's attack!
You feel sick.
The centaur warrior is stunned by your conviction and fails to attack.
The meliai barely misses you. The meliai misses you.
You feel sick.
You redirect the meliai's attack!
The meliai misses you. The meliai stings you!
* * * LOW HITPOINT WARNING * * *
There is a stone staircase leading up here.
You feel sick.
The meliai mumbles some strange prayers to its god against you.
Something smites you!
* * * LOW HITPOINT WARNING * * *
The centaur warrior unwields a +0 shortbow.
The centaur warrior barely misses you.
The centaur warrior kicks you but does no damage.
The meliai hits you with a +0 hand axe.
* * * LOW HITPOINT WARNING * * *
The meliai stings you.
* * * LOW HITPOINT WARNING * * *
You are lethally poisoned!
The meliai poisons you!
You climb upwards.
You die...
Ru respects your ultimate sacrifice.

#....###.#....###...####
#....##..####....#.....#
####.#..## ####....##.###
#####.#.## ##...##...## ....^...#
###.....##..# #####...####
#...........# .#
##......#####.#.<.......##
.###...........y.#..........##
##>##........###Wc..<........##
#...#####....###.#........#...#
#.ß.######.....#.#........#.#.###
#...##...##..#...#........#......
##.##..ß.>#..##...)#########.....
##'##'...##..##..#.## #.....
.....#####......##..### ##....
#.ß.## #.##.#####...## #####
#...# #....## ###..#######


You could see a centaur warrior and a meliai.

Vanquished Creatures
  Snorg (Lair:5)
  3 hydras
  A boulder beetle (Lair:2)
  5 two-headed ogres
  A hell hog (Lair:5)
  A death yak (D:11)
  A deep elf knight (D:9)
  Nergalle (Lair:2)
  4 skeletal warriors (D:12)
  A wolf spider (Lair:5)
  An orc knight (D:10)
  An ugly thing (D:13)
  A manticore (D:11)
  A salamander (Lair:3)
  2 meliai (D:13)
  5 black mambas
  15 elephants
  2 gargoyles
  2 torpor snails
  10 cane toads
  Maggie (D:10)
  2 unseen horrors (D:12)
  2 rime drakes
  4 komodo dragons
  A kobold demonologist (D:9)
  An efreet (D:13)
  Psyche (D:12)
  3 trolls
  14 polar bears
  8 blink frogs
  7 hornets (Lair:4)
  3 raiju (Lair:5)
  5 dream sheep (Lair:5)
  3 shadows
  6 wyverns
  A basilisk (Lair:5)
  7 wargs (Lair:5)
  2 wraiths (D:11)
  44 yaks
  2 steam dragons
  6 vampire mosquitoes
  2 nagas (Lair:3)
  11 hell hounds (Lair:5)
  11 water moccasins
  A sky beast (D:6)
  6 orc warriors
  2 ice beasts (D:8)
  13 black bears
  An ogre (D:6)
  18 wolves (Lair:5)
  7 centaurs
  3 elf zombies (Ossuary)
  4 kobold brigands
  A gnoll sergeant (D:10)
  17 bullfrogs
  4 scorpions
  11 wights
  5 killer bees
  An electric eel (Lair:3)
  3 bombardier beetles
  5 howler monkeys
  3 hounds
  A human zombie (Ossuary)
  12 orc priests
  Jessica (D:2)
  3 iguanas
  23 orc wizards
  4 mummies (Ossuary)
  Robin (D:2)
  6 adders
  2 ufetubi (D:6)
  2 adder zombies (Ossuary)
  3 ribbon worms
  52 orcs
  10 endoplasms
  6 giant cockroaches
  A gnoll zombie (Ossuary)
  12 goblins
  10 hobgoblins
  4 jackals
  22 kobolds
  3 quokkas
  6 ball pythons
  3 bats
  4 frilled lizards
  A hobgoblin zombie (Ossuary)
  A jackal zombie (Ossuary)
  An orc zombie (Ossuary)
  3 rats
  2 rat zombies (Ossuary)
510 creatures vanquished.

Notes
Turn   | Place    | Note
-------+----------+-------------------------------------------
     0 | D:1      | qhelerd the Troll Shapeshifter began the quest for the Orb.
     0 | D:1      | Reached XP level 1. HP: 18/18 MP: 0/0
    77 | D:1      | Reached skill level 1 in Fighting
   159 | D:1      | Reached XP level 2. HP: 27/27 MP: 1/1
   475 | D:2      | Noticed Jessica
   478 | D:2      | Reached XP level 3. HP: 32/33 MP: 2/2
   480 | D:2      | Killed Jessica
   522 | D:2      | Reached XP level 4. HP: 39/42 MP: 3/3
   763 | D:2      | Noticed Robin
   777 | D:2      | Killed Robin
   780 | D:2      | HP: 2/42 [goblin/+0 club[Robin] (2)]
   895 | D:2      | Reached skill level 4 in Unarmed Combat
   932 | D:2      | Got the Atlas of the Winter
  1191 | D:3      | Reached XP level 5. HP: 47/50 MP: 4/4
  1756 | D:4      | Found a shadowy altar of Dithmenos.
  1777 | D:4      | Reached XP level 6. HP: 27/59 MP: 5/5
  1822 | D:4      | Found a staircase to the Ecumenical Temple.
  1832 | Temple   | Entered the Ecumenical Temple
  1900 | D:4      | Found a shimmering altar of Xom.
  2222 | D:4      | Found a sand-covered staircase.
  2231 | Ossuary  | Entered an ossuary
  2282 | Ossuary  | Reached skill level 5 in Unarmed Combat
  2292 | Ossuary  | Reached XP level 7. HP: 37/67 MP: 6/6
  2354 | Ossuary  | Reached skill level 5 in Shapeshifting
  2576 | D:5      | Entered Level 5 of the Dungeon
  2602 | D:5      | Found a hazy altar of Hepliaklqana.
  2838 | D:5      | Found an ancient bone altar of Kikubaaqudgha.
  3054 | D:5      | Found a blossoming altar of Fedhas.
  3080 | D:5      | Reached skill level 6 in Unarmed Combat
  3244 | D:6      | Reached XP level 8. HP: 79/79 MP: 7/7
  3360 | D:6      | Found a transporter.
  3363 | D:6      | Noticed bochi's ghost (novice OnGl)
  3381 | D:6      | Found a transporter.
  3429 | D:6      | Reached skill level 5 in Fighting
  3505 | D:6      | Identified a scroll of acquirement
  3505 | D:6      | Acquired a manual of Unarmed Combat
  3559 | D:6      | Reached skill level 7 in Unarmed Combat
  4458 | D:7      | Found the +8 trident of the Octopus King {venom, rElec
                  | rPois}
  4629 | D:7      | Reached skill level 8 in Unarmed Combat
  4629 | D:7      | Reached XP level 9. HP: 83/89 MP: 8/8
  5506 | D:8      | Reached skill level 1 in Throwing
  5506 | D:8      | Reached skill level 9 in Unarmed Combat
  5650 | D:8      | Reached skill level 10 in Unarmed Combat
  5798 | D:8      | Found a sacrificial altar of Ru.
  5820 | D:8      | Became a worshipper of Ru the Awakened
  5872 | D:8      | Reached XP level 10. HP: 98/98 MP: 9/9
  6334 | D:9      | Found an ornate altar of the Wu Jian Council.
  6444 | D:9      | Reached skill level 11 in Unarmed Combat
  6682 | D:9      | Noticed a two-headed ogre
  6691 | D:9      | Killed a two-headed ogre
  6692 | D:9      | Reached skill level 5 in Throwing
  6786 | D:9      | Noticed a deep elf knight
  6803 | D:9      | Killed a deep elf knight
  6804 | D:9      | Reached skill level 12 in Unarmed Combat
  7150 | D:10     | Entered Level 10 of the Dungeon
  7269 | D:10     | Noticed Maggie
  7279 | D:10     | Killed Maggie
  7329 | D:10     | Gained mutation: You cannot study or use magical devices.
                  | [Ru sacrifice]
  7329 | D:10     | Reached * piety under Ru
  7329 | D:10     | Reached ** piety under Ru
  7445 | D:10     | Found a white marble altar of Elyvilon.
  7524 | D:10     | Found a broken altar of Ashenzari.
  7533 | D:10     | Reached XP level 11. HP: 98/105 MP: 10/10
  7743 | D:10     | Noticed an orc knight
  7893 | D:10     | Killed an orc knight
  7897 | D:10     | Reached skill level 13 in Unarmed Combat
  8068 | D:10     | Found Atosec's Antique Armour Emporium.
  8350 | D:10     | Bought a crude robe for 188 gold pieces
  8350 | D:10     | Identified the +0 robe of the Dice {Fly rPois rF+++ Dex-3}
                  | (You bought it in a shop on level 10 of the Dungeon)
  8449 | D:11     | Noticed a death yak
  8449 | D:11     | Found a staircase to the Lair.
  8460 | D:11     | Reached skill level 10 in Shapeshifting
  8565 | D:11     | Killed a death yak
  8577 | D:11     | Reached skill level 14 in Unarmed Combat
  9144 | D:11     | Found a staircase to the Orcish Mines.
  9148 | D:11     | Noticed a two-headed ogre
  9158 | D:11     | Killed a two-headed ogre
  9388 | Lair:1   | Entered Level 1 of the Lair of Beasts
  9417 | Lair:1   | Gained mutation: You occasionally lose the ability to read
                  | scrolls when taking damage. [Ru sacrifice]
  9417 | Lair:1   | Gained mutation: You sometimes lose the ability to read
                  | scrolls when taking damage. [Ru sacrifice]
  9417 | Lair:1   | Reached *** piety under Ru
  9686 | Lair:1   | Reached skill level 15 in Unarmed Combat
  9686 | Lair:1   | Reached XP level 12. HP: 114/114 MP: 11/11
  9975 | Lair:1   | Found a runed translucent gate.
  9975 | Lair:1   | Found a runed translucent gate.
  9975 | Lair:1   | Found a runed translucent gate.
  9976 | Lair:1   | Noticed Ateopor's ghost (journeyman GnCK)
 10299 | Lair:2   | Noticed a boulder beetle
 10309 | Lair:2   | Killed a boulder beetle
 10379 | Lair:2   | Noticed Nergalle
 10390 | Lair:2   | Killed Nergalle
 10915 | Lair:2   | Gained mutation: You cannot study or cast Fire magic. [Ru
                  | sacrifice]
 10915 | Lair:2   | Gained mutation: You cannot study or cast Hexes magic. [Ru
                  | sacrifice]
 10915 | Lair:2   | Gained mutation: You cannot study or cast Necromancy magic.
                  | [Ru sacrifice]
 10915 | Lair:2   | Reached **** piety under Ru
 11272 | Lair:3   | Noticed a six-headed hydra
 11668 | Lair:3   | Killed an 11-headed hydra
 11949 | Lair:3   | Reached skill level 10 in Throwing
 12166 | Lair:3   | Found a staircase to the Snake Pit.
 12176 | Lair:3   | Reached XP level 13. HP: 120/120 MP: 12/12
 12295 | Lair:3   | Found a staircase to the Shoals.
 12490 | Lair:4   | Reached skill level 5 in Dodging
 12787 | Lair:4   | Paralysed by a hornet for 1 turns
 13429 | Lair:5   | Entered Level 5 of the Lair of Beasts
 13437 | Lair:5   | Noticed Snorg
 13477 | Lair:5   | Killed Snorg
 13647 | Lair:5   | Found a staircase to the Slime Pits.
 13648 | Lair:5   | Found a viscous altar of Jiyva.
 14922 | Lair:5   | Reached XP level 14. HP: 110/130 MP: 13/13
 15542 | D:12     | HP: 4/130 [skeletal warrior/+0 short sword (24)]
 15813 | D:12     | Noticed Psyche
 15818 | D:12     | Killed Psyche
 15998 | D:12     | Gained mutation: You are clumsy. (Dex -2) [Ru sacrifice]
 15998 | D:12     | Reached ***** piety under Ru
 16418 | D:13     | HP: 6/125 [meliai/+0 hand axe (6)]
 16419 | D:12     | Succumbed to a meliai's poison

Illustrated notes

Levels and vault maps discovered:
D:1:      minmay_arrival_statue_studded, layout_basic, minmay_hexomino_c4
D:2:      layout_loops_ring, uniq_robin, uniq_jessica
D:3:      layout_rooms
D:4:      layout_basic, grunt_dithmenos_smoke, xom_teletrap_fun,
          minmay_temple_entry_statues_fountains, chequers_ossuary_entry_cave
D:5:      layout_basic, mainiacjoe_overflow_concentric_impassable,
          fedhas_altar_3, mainiacjoe_overflow_alcove_1
D:6:      layout_basic, gammafunk_ghost_stat_death
D:7:      minmay_flawed_box, layout_basic, bh_walls_and_bars
D:8:      layout_loops_ring, mainiacjoe_overflow_boulevard
D:9:      layout_basic, nicolae_wu_jian_wuxing_cycle, nrook_campfire,
          kennysheep_just_a_vault
D:10:     cheibrodos_barr_body, layout_loops_corners, lemuel_round_altar,
          mainiacjoe_overflow_catwalk, hangedman_decor_opposing,
          kennysheep_small_square, uniq_maggie
D:11:     layout_irregular_city, dpeg_lair_monsters, orc_0_dummy
D:12:     layout_rooms, minmay_holes, grunt_ministairs_4, uniq_psyche
D:13:     evilmike_library_of_no_secrets, layout_rooms,
          hellmonk_vaults_order_and_chaos
Temple:   nicolae_temple_bog_church
Lair:1:   layout_gridlike, ebering_ghost_rock_garden
Lair:2:   layout_cave_pods, grunt_megastairs_5, serial_bayou_shore_a,
          uniq_nergalle
Lair:3:   layout_gridlike, elwin_shoals_entry_rooms, alex1729_snake_entry_snake,
          grunt_megastairs_4
Lair:4:   layout_long_grid, dreamdust_wasp_nest
Lair:5:   hangedman_lair_caniforms_friends, layout_small_grid, slime_entry_1,
          nicolae_lair_run_with_the_wolves, uniq_snorg

Skill      XL: |  1  2  3  4  5  6  7  8  9 10 11 12 13 14 |
---------------+-------------------------------------------+-----
Fighting       | 1 2 3 4 5 6 |  6.3
Unarmed Combat | 4 5 6 8 10 12 15 | 15.3
Shapeshifting  | 4 5 6 8 9 10 12 13 | 13.9
Throwing       | 3 6 8 10 11 12 | 12.0
Dodging        | 4 7 8 |  8.1

Action                     |  1- 3 |  4- 6 |  7- 9 | 10-12 | 13-15 || total
---------------------------+-------+-------+-------+-------+-------++-------
  Melee: Unarmed           |    56 |   161 |   268 |   508 |   425 ||  1418
         Punch             |     1 |     4 |    12 |    47 |    34 ||    98
         Maw               |       |       |       |       |    15 ||    15
  Throw: Javelin           |       |       |       |     8 |     9 ||    17
         Dart              |       |       |       |     5 |     2 ||     7
         Throwing net      |       |       |       |     1 |       ||     1
 Invoke: Sacrifice Artific |       |       |       |     1 |       ||     1
         Sacrifice Words   |       |       |       |     1 |       ||     1
         Power Leap        |       |       |       |     2 |     3 ||     5
         Sacrifice Arcana  |       |       |       |     1 |       ||     1
         Draw Out Power    |       |       |       |       |     2 ||     2
         Sacrifice Purity  |       |       |       |       |     1 ||     1
    Use: Potion            |       |     3 |       |     7 |     2 ||    12
         Scroll            |       |       |    12 |    13 |       ||    25
   Stab: Distracted        |       |     1 |       |       |       ||     1
         Invisible         |       |       |       |     2 |     1 ||     3
         Held in net/web   |       |       |       |     2 |       ||     2
 Armour: Animal skin       |    40 |    35 |       |       |       ||    75
         Robe              |       |   103 |   187 |   330 |   301 ||   921
         Skin              |       |       |       |       |    62 ||    62
  Dodge: Dodged            |    33 |   115 |   153 |   220 |   313 ||   834
   Form: Maw               |       |       |       |       |     1 ||     1

Table legend: (Time is in decaauts)
 A = Elapsed time spent in this place.
 B = Non-inter-level travel time spent in this place.
 C = Inter-level travel time spent in this place.
 D = Time resting spent in this place.
 E = Time spent auto-exploring this place.
 F = Levels seen in this place.
 G = Mean time per level.
                   A        B        C        D        E       F      G
               +--------+--------+--------+--------+--------+-----+--------+
         Total |  16094 |  15339 |    755 |    620 |  10831 |  20 |  804.7 |
       Dungeon |   9841 |   9429 |    412 |    148 |   7097 |  13 |  757.0 |
        Temple |     28 |     18 |     10 |      0 |      0 |   1 |   28.0 |
          Lair |   5907 |   5574 |    333 |    472 |   3613 |   5 | 1181.4 |
       Ossuary |    316 |    316 |      0 |      0 |    121 |   1 |  316.0 |
               +--------+--------+--------+--------+--------+-----+--------+

Top non-repeatable levels by time:
  Lair:5: 1733 daAuts
    D:10: 1275 daAuts
     D:7: 1196 daAuts
  Lair:3: 1129 daAuts
  Lair:2: 1123 daAuts
  Lair:4: 1063 daAuts
    D:11: 1043 daAuts
     D:6: 989 daAuts
     D:9: 957 daAuts
  Lair:1: 857 daAuts
     D:8: 712 daAuts
    D:12: 709 daAuts
     D:2: 705 daAuts
     D:5: 641 daAuts
     D:3: 529 daAuts
